 Dungeon Crawl Stone Soup version bcrawl-1.39.1 (webtiles) character file.

Game seed: 17917381482660136536

347578 makewrite the Carver (level 11, 0/97 HPs)
             Began as a Minotaur Fighter on Sept 16, 2023.
             Was an Initiate of Gozag.
             Slain by a nine-headed hydra (13 damage)
             ... on level 11 of the Dungeon.
             The game lasted 00:49:35 (12064 turns).

makewrite the Carver (Minotaur Fighter)            Turns: 12064, Time: 00:49:36

Health: 0/97       AC: 22    Str: 25    XL:     11   Next: 67%
Magic:  12/12      EV:  8    Int: 10    God:    Gozag
Gold:   1399       SH:  3    Dex: 13    Spells: 10/10 levels left

rFire    + . .     GDR:     33% a - +6 great sword "Sicephu" {slice, rF+ rC+ Str+4}
rCold    + . .     SeeInvis .   (shield currently unavailable)
rNeg     . . .     Gourm    .   y - +0 plate armour
rPois    .         Faith    .   r - +2 hat
rElec    .         Spirit   .   t - +0 cloak
rCorr    .         Reflect  .   m - +1 pair of gloves
MR       .....                  g - +0 pair of boots
Stlth    ..........             H - amulet of rage
HPRegen  0.26/turn              B - +5 ring of intelligence
MPRegen  0.13/turn              J - +1 ring of protection

@: about to teleport, gold aura, studying Transmutations
A: retaliatory headbutt, horns 2
a: Potion Petition, Call Merchant, Bribe Branch, Renounce Religion, Evoke
Berserk Rage


You were on level 11 of the Dungeon.
You worshipped Gozag.
Gozag was most pleased with you.
You were not hungry.

You visited 2 branches of the dungeon, and saw 12 of its levels.

You collected 1860 gold pieces.
You spent 292 gold pieces at shops.
You paid 169 gold pieces to Gozag.

Inventory:

Hand Weapons
 a - the +6 great sword "Sicephu" (weapon) {slice, rF+ rC+ Str+4}
   (You found it on level 5 of the Dungeon)

   It will always inflict at least some extra damage.
   This minimum extra damage increases with your current reserve of magical
   power.
   It affects your strength (+4).
   It protects you from fire.
   It protects you from cold.
 b - a +1 shortbow
 q - a +2 hand crossbow
 w - a +2 short sword of venom
Missiles
 x - 420 bolts
Armour
 c - a +0 medium shield
 g - a +0 pair of boots (worn)
 m - a +1 pair of gloves (worn)
 r - a +2 hat (worn)
 t - a +0 cloak (worn)
 y - a +0 plate armour (worn)
Jewellery
 B - a +5 ring of intelligence (left hand)
 C - an uncursed ring of positive energy
 F - the ring "Iruipsen" {+Fly rN+ MR- Dex+3}
   (You found it on level 7 of the Dungeon)

   [ring of flight]

   It affects your dexterity (+3).
   It protects you from negative energy.
   It affects your resistance to hostile enchantments.
   It lets you fly.
 H - an amulet of rage (around neck)
 J - a +1 ring of protection (right hand)
 K - an uncursed ring of see invisible
Wands
 f - a wand of scattershot (4)
 E - a wand of iceblast (11)
Scrolls
 h - a scroll of fear
 j - 10 scrolls of remove curse
 n - a scroll of teleportation
 v - a scroll of blinking
 G - 2 scrolls of revelation
 N - a scroll of fog {unknown}
Potions
 d - 3 potions of ambrosia
 i - 3 potions of mutation {unknown}
 k - a potion of invisibility
 o - 2 potions of might
 p - 3 potions of heal wounds
 s - 2 potions of flight
 u - 4 potions of curing
 z - a potion of resistance
 A - 2 potions of haste
 L - a potion of brilliance {unknown}
 M - a potion of berserk rage {unknown}
 O - a potion of agility {unknown}
Miscellaneous
 I - a lamp of fire
Comestibles
 e - 3 rations {!d}


   Skills:
 + Level 9.5 Fighting
 * Level 14.2 Long Blades
 - Level 10.0 Crossbows
 + Level 9.3 Armour
 + Level 2.6 Dodging
 - Level 3.6 Shields
 * Level 2.7 Evocations


You had 10 spell levels left.
You didn't know any spells.
Your spell library contained the following spells:

 Spells                   Type           Power        Failure   Level  Hunger
 Apportation              Tloc           #.....       99%         1    None
 Beastly Appendage        Tmut           #.....       99%         1    None
 Corona                   Hex            #......      99%         1    None
 Infusion                 Chrm           #.......     99%         1    None
 Sandblast                Erth           #.....       99%         1    None
 Slow                     Hex            #.......     99%         1    None
 Summon Butterflies       Summ           #.......     99%         1    None
 Passwall                 Tmut/Erth      #.......     99%         2    ####...
 Sticks to Snakes         Tmut           #.......     99%         2    ####...
 Regeneration             Chrm/Necr      #.........   100%        3    #####..
 Spider Form              Tmut/Pois      #..          100%        3    #####..
 Vampiric Draining        Necr           #.........   100%        3    #####..
 Ice Form                 Ice/Tmut       #.......     100%        4    ######.
 Blade Hands              Tmut           #.........   100%        5    #######
 Bolt of Draining         Conj/Necr      #.........   100%        5    #######
 Borgnjor's Vile Clutch   Necr/Erth      #.........   100%        6    #######


Dungeon Overview and Level Annotations

Branches:
Dungeon (11/12)            Temple (1/1) D:6            Lair (0/6) D:8
    Orc (0/1) D:9
 Vaults: D:11-12

Altars:
Ashenzari
Cheibriados
Dithmenos
Elyvilon
Fedhas
Gozag
Hepliaklqana
Kikubaaqudgha
Lugonu
Makhleb
Nemelex Xobeh
Okawaru
Qazlal
Ru
Sif Muna
Trog
Uskayaw
Vehumet
Wu Jian
Xom
Yredelemnul
Zin
The Shining One

Shops:
D:4 *   D:5 !   D:7 }


Innate Abilities, Weirdness & Mutations

You reflexively headbutt those who attack you in melee.
You have a pair of horns on your head.


Message History

You slash the yak! Your headbutt misses the yak.
The yak is moderately wounded.
The yak barely misses you.
You slash the yak!
The yak is almost dead.
The yak gores you.
* * * LOW HITPOINT WARNING * * *
You slice the yak!!
You kill the yak!
You see here 18 gold pieces.
A nine-headed hydra is nearby!
Unknown command.
As you read the scroll of teleportation, it crumbles to dust.
You feel strangely unstable. The nine-headed hydra bites you!
* * * LOW HITPOINT WARNING * * *
The nine-headed hydra bites you but does no damage.
The nine-headed hydra bites you!
You die...
Your body crumbles into a pile of gold.

#....#...).#....#
#....###)###....#
#.....))))......#
#.....).........#
#.......Y.......#.
#...)########'###.
#.Y..#..........#.
#.D.$#..........#.
#@...#..........#.
######..........#.
.........#....#.
.........#....#.
.........#....'.
.........+...^##
.........#....#
.........#....+
...#######....#


You could see a nine-headed hydra and a yak.

Vanquished Creatures
  A fire giant (D:9)
  A stone giant (D:9)
  2 two-headed ogres (D:9)
  A tengu warrior (D:10)
  A centaur warrior (D:11)
  An orc knight (D:11)
  An ugly thing (D:9)
  A gargoyle (D:8)
  A troll (D:10)
  Grinder (D:5)
  A hippogriff (D:10)
  A shadow (D:11)
  6 yaks
  A hungry ghost (D:7)
  A vampire mosquito (D:9)
  Menkaure (D:4)
  An acid dragon (D:9)
  A water moccasin (D:7)
  3 black bears
  2 ice beasts
  4 ogres
  6 orc warriors
  3 phantoms
  6 bullfrogs
  2 kobold brigands
  A wyvern zombie (D:8)
  A gnoll sergeant (D:4)
  6 centaurs
  A scorpion (D:8)
  A water moccasin skeleton (D:3)
  A wight (D:9)
  6 killer bees
  A howler monkey (D:8)
  4 crimson imps
  2 bullfrog zombies
  4 hounds
  2 jellies (D:5)
  5 orc wizards
  Jessica (D:3)
  A bullfrog skeleton (D:9)
  5 gnoll shamans
  Ijyb (D:5)
  Terence (D:2)
  3 iguanas
  6 worker ants
  12 adders
  37 gnolls
  A howler monkey skeleton (D:5)
  4 shadow imps
  2 oozes
  An adder zombie (D:7)
  6 worms
  2 dart slugs
  4 leopard geckos
  19 orcs
  8 bats
  2 giant cockroaches
  17 goblins
  10 hobgoblins
  19 jackals
  2 quokkas (D:2)
  A frilled lizard (D:1)
  13 kobolds
  5 rats
268 creatures vanquished.

Vanquished Creatures (others)
  5 fungi (D:8)
5 creatures vanquished.

Grand Total: 273 creatures vanquished

Notes
Turn   | Place    | Note
-------+----------+-------------------------------------------
     0 | D:1      | makewrite the Minotaur Fighter began the quest for the Orb.
     0 | D:1      | Reached XP level 1. HP: 19/19 MP: 0/0
   186 | D:1      | Reached XP level 2. HP: 23/27 MP: 1/1
   485 | D:1      | Reached skill level 3 in Long Blades
  1025 | D:2      | Reached XP level 3. HP: 30/33 MP: 2/2
  1240 | D:2      | Noticed an ogre
  1253 | D:2      | Killed an ogre
  1254 | D:2      | Reached skill level 4 in Long Blades
  1254 | D:2      | Reached skill level 1 in Dodging
  1254 | D:2      | Reached XP level 4. HP: 20/41 MP: 3/3
  1254 | D:2      | Reached XP level 5. HP: 23/47 MP: 4/4
  1531 | D:2      | Reached skill level 5 in Armour
  1742 | D:2      | Found a hide-covered altar of Uskayaw.
  1762 | D:2      | Reached skill level 5 in Long Blades
  1870 | D:3      | Noticed Jessica
  1909 | D:3      | Noticed Terence
  1925 | D:2      | Killed Terence
  1926 | D:2      | Reached XP level 6. HP: 14/53 MP: 5/5
  2486 | D:3      | Reached skill level 6 in Long Blades
  2525 | D:3      | Found a bloodstained altar of Trog.
  3035 | D:3      | Killed Jessica
  3217 | D:4      | Noticed an ice beast
  3225 | D:4      | Killed an ice beast
  3226 | D:4      | Reached XP level 7. HP: 51/60 MP: 6/6
  3244 | D:4      | Found Unogu's Assorted Antiques.
  3250 | D:4      | Bought a scroll labeled ZATSEKHL ETUA for 18 gold pieces
  3250 | D:4      | Bought a scroll of identify for 36 gold pieces
  3250 | D:4      | Bought a scroll labeled JYKEED TIWOSO for 18 gold pieces
  3250 | D:4      | Bought a scroll labeled CIHAIH CIEJ for 18 gold pieces
  3250 | D:4      | Bought a metallic purple potion for 16 gold pieces
  3394 | D:4      | Reached skill level 7 in Long Blades
  3473 | D:4      | Noticed Menkaure
  3484 | D:4      | Killed Menkaure
  3485 | D:4      | Reached skill level 1 in Crossbows
  3566 | D:4      | Found a sacrificial altar of Ru.
  3568 | D:4      | Found a blossoming altar of Fedhas.
  4052 | D:3      | Reached skill level 5 in Fighting
  4415 | D:4      | Reached XP level 8. HP: 68/68 MP: 7/7
  4848 | D:4      | Reached skill level 8 in Long Blades
  4948 | D:5      | Entered Level 5 of the Dungeon
  4948 | D:5      | Noticed Ijyb
  5061 | D:5      | Reached skill level 5 in Crossbows
  5350 | D:5      | Found a shattered altar of Ashenzari.
  5433 | D:5      | Found a hazy altar of Hepliaklqana.
  5467 | D:5      | Got a shimmering great sword
  5475 | D:5      | Identified the +6 great sword "Sicephu" {slice, rF+ rC+
                  | Str+4} (You found it on level 5 of the Dungeon)
  5553 | D:5      | Found Veuv's Distillery.
  5806 | D:5      | Found a stormy altar of Qazlal.
  5843 | D:5      | Bought a potion of curing for 30 gold pieces
  5843 | D:5      | Bought a potion of heal wounds for 60 gold pieces
  5843 | D:5      | Bought a potion of invisibility for 96 gold pieces
  5975 | D:6      | Found a staircase to the Ecumenical Temple.
  5981 | Temple   | Entered the Ecumenical Temple
  6255 | D:6      | Found a glowing golden altar of the Shining One.
  6337 | D:6      | Found a bloodstained altar of Trog.
  6403 | D:6      | Found an opulent altar of Gozag.
  6406 | D:6      | Found a basalt altar of Yredelemnul.
  6407 | D:6      | Found an ornate altar of the Wu Jian Council.
  6407 | D:6      | Found an iron altar of Okawaru.
  6436 | D:6      | Became a worshipper of Gozag Ym Sagoz the Greedy
  6577 | D:6      | Reached XP level 9. HP: 75/75 MP: 8/8
  6928 | D:5      | Killed Ijyb
  6961 | D:5      | Noticed Grinder
  6966 | D:5      | Killed Grinder
  7726 | D:7      | Found Ceoddouj's Gadget Boutique.
  7823 | D:7      | Got a glittering marble ring
  7849 | D:7      | Reached skill level 9 in Long Blades
  8381 | D:7      | Found a burning altar of Makhleb.
  8526 | D:7      | Found a glowing silver altar of Zin.
  8753 | D:8      | Identified the ring "Iruipsen" {+Fly rN+ MR- Dex+3} (You
                  | found it on level 7 of the Dungeon)
  8911 | D:8      | Found a staircase to the Lair.
  9430 | D:8      | Identified the Tome of Lethal Moulding
  9608 | D:8      | Noticed a gargoyle
  9610 | D:8      | Killed a gargoyle
  9611 | D:8      | Reached skill level 10 in Long Blades
  9611 | D:8      | Reached XP level 10. HP: 86/86 MP: 9/9
 10005 | D:9      | Noticed a two-headed ogre
 10010 | D:9      | Killed a two-headed ogre
 10011 | D:9      | Reached skill level 10 in Crossbows
 10213 | D:9      | Reached skill level 11 in Long Blades
 10328 | D:9      | Noticed a stone giant
 10339 | D:9      | Killed a stone giant
 10340 | D:9      | Reached skill level 12 in Long Blades
 10461 | D:9      | Noticed a two-headed ogre
 10468 | D:9      | Killed a two-headed ogre
 10469 | D:9      | Noticed a purple ugly thing
 10483 | D:9      | Killed a purple ugly thing
 10747 | D:9      | Reached XP level 11. HP: 95/95 MP: 10/10
 10775 | D:9      | Noticed a fire giant
 10786 | D:9      | Killed a fire giant
 10787 | D:9      | Reached skill level 13 in Long Blades
 10787 | D:9      | Reached skill level 1 in Evocations
 10952 | D:9      | Found a staircase to the Orcish Mines.
 11179 | D:10     | Entered Level 10 of the Dungeon
 11303 | D:10     | Noticed a tengu warrior
 11316 | D:10     | Killed a tengu warrior
 11809 | D:11     | Noticed an orc knight
 11818 | D:11     | Killed an orc knight
 11819 | D:11     | Reached skill level 14 in Long Blades
 12003 | D:11     | Noticed a centaur warrior
 12018 | D:11     | Noticed an eight-headed hydra
 12019 | D:11     | Killed a centaur warrior
 12064 | D:11     | Slain by a nine-headed hydra

Skill      XL: |  1  2  3  4  5  6  7  8  9 10 11 |
---------------+----------------------------------+-----
Armour         | 4 5 6 7 8 9 |  9.3
Fighting       | 4 5 7 8 9 |  9.5
Long Blades    | 3 4 5 6 7 8 10 12 14 | 14.2
Dodging        | 1 2 |  2.6
Crossbows      | 4 7 9 10 | 10.0
Evocations     | 2 |  2.7
Shields        | |  3.6

Action                   |  1- 3 |  4- 6 |  7- 9 | 10-12 || total
-------------------------+-------+-------+-------+-------++-------
Melee: Long sword        |   111 |   150 |   137 |       ||   398
       Headbutt          |    15 |    27 |    42 |    18 ||   102
       Great sword       |       |       |    59 |    91 ||   150
       Unarmed           |       |       |     6 |       ||     6
 Fire: Hand crossbow     |       |     4 |   275 |   130 ||   409
Throw: Stone             |       |    35 |       |       ||    35
 Abil: Evoke Berserk Rag |       |       |       |     2 ||     2
Evoke: Wand              |       |       |    10 |     2 ||    12
  Use: Potion            |       |     2 |       |       ||     2
       Scroll            |       |       |    17 |     5 ||    22
  Eat: Chunk             |     5 |    11 |    12 |       ||    28
       Ration            |       |       |     7 |     5 ||    12
Armor: Scale mail        |    69 |    23 |       |       ||    92
       Chain mail        |       |    30 |   171 |       ||   201
       Plate armour      |       |       |     4 |    87 ||    91
Dodge: Dodged            |    25 |    23 |    92 |    47 ||   187
Block: Medium shield     |    75 |    68 |   128 |       ||   271
       Other             |       |       |     3 |    11 ||    14
